 Dungeon Crawl Stone Soup version 0.29.1-12-g30fa7ad0bf (webtiles) character file.

Game seed: 1922086430287832948

5486 Coaxmetal the Fighter (level 10, -1/66 HPs)
             Began as a Gargoyle Earth Elementalist on Dec 16, 2022.
             Was a Follower of Vehumet.
             Slain by a troll (10 damage)
             ... on level 11 of the Dungeon.
             The game lasted 00:33:54 (11602 turns).

Coaxmetal the Fighter (GrEE)                       Turns: 11602, Time: 00:33:54

Health: -1/66      AC: 13    Str: 12    XL:     10   Next: 69%
Magic:  13/19      EV: 12    Int: 20    God:    Vehumet [*.....]
Gold:   246        SH:  5    Dex: 10    Spells: 8/21 levels left

rFire   . . .      SeeInvis .   a - +4 trident (pain)
rCold   . . .      Faith    .   C - +0 buckler
rNeg    + + .      Spirit   .   d - +0 leather armour
rPois   ∞          Reflect  .   K - +2 hat
rElec   +          Harm     .   l - +0 cloak
rCorr   .          Rampage  .   (no gloves)
Will    .....                   (no boots)
Stlth   ++........              (no amulet)
HPRegen 0.21/turn               D - ring of Xom's Flight of Fancy {Wiz rPois}
MPRegen 0.16/turn               c - ring of positive energy

@: no status effects
A: sickness immunity, AC +7, negative energy resistance 1, electricity
resistance, torment resistance 1, petrification resistance
a: Renounce Religion


You were on level 11 of the Dungeon.
You worshipped Vehumet.
Vehumet was aware of your devotion.
You visited 2 branches of the dungeon, and saw 12 of its levels.

You collected 566 gold pieces.
You spent 320 gold pieces at shops.

Inventory:

Hand Weapons
 a - a +4 trident of pain (weapon)
 b - a +0 sling
Missiles
 f - 78 stones
Armour
 d - a +0 leather armour (worn)
 l - a +0 cloak (worn)
 C - a +0 buckler (worn)
 K - a +2 hat (worn)
Jewellery
 c - a ring of positive energy (right hand)
 g - a +4 ring of slaying
 j - a ring of positive energy
 r - a ring of fire
 u - a ring of wizardry
 B - a ring of see invisible
 D - the ring of Xom's Flight of Fancy (left hand) {Wiz rPois}
   (You took it off a gnoll on level 6 of the Dungeon)

   [ring of wizardry]

   It improves your spell success rate.
   rPois:     It protects you from poison.
 F - an amulet of the acrobat
Wands
 e - a wand of flame (49)
 E - a wand of roots (17)
 I - a wand of light (10)
Scrolls
 i - 3 scrolls of amnesia
 k - 8 scrolls of identify
 p - 6 scrolls of immolation
 q - a scroll of enchant armour {unknown}
 x - a scroll of poison
 y - a scroll of silence
 A - a scroll of enchant weapon
 J - a scroll of acquirement {unknown}
Potions
 h - a potion of magic
 o - a potion of brilliance
 t - a potion of degeneration {unknown}
 v - 3 potions of attraction
 z - 2 potions of mutation {unknown}
 G - 2 potions of flight
 H - a potion of haste {unknown}


   Skills:
 + Level 9.2 Fighting
 - Level 5.0 Polearms
 - Level 5.0 Dodging
 - Level 2.4 Stealth
 - Level 5.0 Shields
 + Level 6.3 Spellcasting
 - Level 5.0 Conjurations
 + Level 1.8 Transmutations
 + Level 5.5 Earth Magic


You had 8 spell levels left.
You knew the following spells:

 Your Spells              Type           Power      Damage    Failure   Level
a - Sandblast             Erth           56%        2d13      1%          1
b - Stone Arrow           Conj/Erth      54%        3d10      2%          3
c - Petrify               Tmut/Erth      21%        N/A       16%         4
d - Lee's Rapid Deconstr  Erth           14%        3d10*     19%         5

Your spell library contained the following spells:

 Spells                   Type           Power      Damage    Failure   Level
 Freeze                   Ice            24%        1d5       7%          1
 Passwall                 Tmut/Erth      17%        N/A       2%          2
 Confusing Touch          Hex            6%         N/A       21%         3
 Fulminant Prism          Conj/Hex       8%         3d7       24%         4
 Iskenderun's Mystic Bla  Conj/Tloc      16%        2d5       24%         4
 Summon Lightning Spire   Summ/Air       6%         N/A       52%         4
 Yara's Violent Unravell  Hex/Tmut       5%         3d4       75%         5
 Enfeeble                 Hex            3%         N/A       100%        7
 Malign Gateway           Summ/Tloc      3%         N/A       100%        7
 Storm Form               Tmut/Air       5%         N/A       100%        7
 Maxwell's Capacitive Co  Air            3%         ∞         100%        8
 Summon Horrible Things   Summ           3%         N/A       100%        8


Dungeon Overview and Level Annotations

Branches:
Dungeon (12/15)            Temple (1/1) D:6            Lair (0/5) D:8
    Orc: D:9-12

Altars:
Ashenzari
Dithmenos
Fedhas
Gozag
Hepliaklqana
Kikubaaqudgha
Makhleb
Nemelex Xobeh
Okawaru
Ru
Uskayaw
Vehumet
Wu Jian
Xom
Zin
The Shining One

Shops:
D:1 [   D:4 [   D:5 :

Annotations:
D:9 Amaemon, Erolcha, Maggie
D:12 Snorg


Innate Abilities, Weirdness & Mutations

You are immune to sickness and miasma.
Your stone body is resilient. (AC +7)
You are immune to poison.
You resist negative energy. (rN+)
You are resistant to electric shocks. (rElec)
You are resistant to unholy torment.
You are immune to petrification.


Message History

The killer bee is severely wounded.
The killer bee closely misses you. The killer bee stings you.
* * * LOW HITPOINT WARNING * * *
The shadow hits you.
* * * LOW HITPOINT WARNING * * *
The killer bee completely misses you. The shadow hits you.
Casting: Sandblast (safe; 1% risk of failure)
Confirm with . or Enter, or press ? or * to list all spells.
Aiming: Sandblast (safe; 1% risk of failure)
Press: ? - help, Shift-Dir - straight line, f/p - killer bee
Aim: a killer bee (severely wounded, 65% to hit)
The blast of sand hits the killer bee!
You kill the killer bee!
Vehumet accepts your kill. The shadow hits you.
Blink to where?
Press: ? - help, Dir - move target A troll comes into view.
As you read the scroll of blinking, it crumbles to dust.
Found a stone staircase leading up.
The troll shouts!
Found a stone staircase leading down and a stone staircase leading up.
The troll misses you. The troll claws you.
* * * LOW HITPOINT WARNING * * *
The troll barely misses you. The troll attacks as you move away!
The troll bites you!
* * * LOW HITPOINT WARNING * * *
The troll closely misses you. x2
You feel better. The troll closely misses you. x2
The troll claws you but does no damage.
The shadow slips into darkness.
The shadow flickers and vanishes!
Deactivating autopickup; reactivate with Ctrl-A.
The troll attacks as you move away! The troll barely misses you.
The troll claws you.
* * * LOW HITPOINT WARNING * * *
The troll claws you but does no damage.
There is a stone staircase leading up here.
The troll bites you!
You die...

############# #
##.....#.....##
..##.............##
...#..............#
.....^..........>.#
##................#
##...$............#
#...........T.<...#
...#...........T@.#
...#.............##
.#.##.....#.....##
.#.# #....#######
##+# ... .y.# ..##
#.# #.#


You could see 2 trolls.

Vanquished Creatures
  Pikel (D:5)
  A troll (D:11)
  A hornet (D:6)
  Sigmund (D:6)
  A shadow (D:12)
  2 wyverns
  3 vampire mosquitoes (D:12)
  A water moccasin (D:6)
  3 orc warriors
  A black bear (D:7)
  A sky beast (D:7)
  2 ice beasts
  An ogre (D:6)
  3 centaurs
  A lemure (D:6)
  A phantom (D:6)
  A kobold brigand (D:6)
  2 necrophages (D:5)
  2 gnoll sergeants
  3 scorpions
  12 wights
  4 killer bees
  2 howler monkeys
  6 hounds
  A gnoll bouda (D:4)
  A jelly (D:6)
  6 orc priests
  3 iguanas
  Jessica (D:3)
  10 orc wizards
  22 gnolls
  4 adders
  2 shadow imps (D:6)
  2 white imps
  An ufetubus (D:6)
  3 dart slugs
  A worm (D:3)
  26 orcs
  3 endoplasms
  2 giant cockroaches
  4 goblins
  9 hobgoblins
  15 jackals
  10 kobolds
  6 quokkas
  2 ball pythons
  5 bats
  A frilled lizard (D:3)
  A spectral kobold (D:5)
197 creatures vanquished.

Notes
Turn   | Place    | Note
-------+----------+-------------------------------------------
     0 | D:1      | Coaxmetal the Gargoyle Earth Elementalist began the quest
                  | for the Orb.
     0 | D:1      | Reached XP level 1. HP: 10/10 MP: 3/3
   234 | D:1      | Found Pohotoes's Antique Armour Boutique.
   273 | D:1      | Reached skill level 1 in Transmutations
   273 | D:1      | Reached XP level 2. HP: 15/15 MP: 3/5
   777 | D:1      | Reached XP level 3. HP: 19/20 MP: 6/6
  1034 | D:1      | Reached skill level 1 in Fighting
  1194 | D:1      | Learned a level 3 spell: Stone Arrow
  1323 | D:2      | Found a faded altar of an unknown god.
  1439 | D:2      | Reached XP level 4. HP: 25/25 MP: 5/7
  2590 | D:3      | Reached skill level 1 in Conjurations
  2954 | D:3      | Reached XP level 5. HP: 30/30 MP: 7/9
  3065 | D:3      | Noticed Jessica
  3070 | D:3      | Killed Jessica
  3071 | D:3      | Reached skill level 2 in Fighting
  3320 | D:4      | Found an ancient bone altar of Kikubaaqudgha.
  3359 | D:4      | Found a shimmering altar of Xom.
  3523 | D:4      | Reached XP level 6. HP: 19/36 MP: 7/10
  3713 | D:4      | Reached skill level 3 in Fighting
  3799 | D:4      | Reached skill level 5 in Earth Magic
  3837 | D:4      | Found a blossoming altar of Fedhas.
  3857 | D:4      | Found Ronourui's Armour Shoppe.
  3991 | D:4      | Found a sacrificial altar of Ru.
  4431 | D:5      | Entered Level 5 of the Dungeon
  4525 | D:5      | Reached XP level 7. HP: 39/41 MP: 7/11
  4600 | D:5      | Found a broken altar of Ashenzari.
  4870 | D:5      | Reached skill level 4 in Fighting
  5219 | D:5      | Reached XP level 8. HP: 47/48 MP: 6/14
  5320 | D:5      | Found Jemiak's Book Emporium.
  5891 | D:5      | Found a hazy altar of Hepliaklqana.
  5972 | D:5      | Reached skill level 5 in Fighting
  6333 | D:6      | Noticed Pikel
  6359 | D:5      | Killed Pikel
  6360 | D:5      | Reached skill level 6 in Fighting
  6360 | D:5      | Reached skill level 5 in Spellcasting
  6360 | D:5      | Reached skill level 5 in Conjurations
  6360 | D:5      | Reached XP level 9. HP: 46/55 MP: 0/16
  6534 | D:6      | Reached skill level 5 in Dodging
  6718 | D:6      | Identified the ring of Xom's Flight of Fancy {Wiz rPois}
  6799 | D:6      | Found a staircase to the Ecumenical Temple.
  6815 | Temple   | Entered the Ecumenical Temple
  7049 | Temple   | Became a worshipper of Vehumet
  7321 | D:6      | Noticed Sigmund
  7326 | D:6      | Killed Sigmund
  7327 | D:6      | Reached skill level 7 in Fighting
  7690 | D:6      | Reached skill level 5 in Shields
  7737 | D:7      | Noticed a hornet
  8001 | D:6      | Reached skill level 8 in Fighting
  8157 | D:6      | Reached skill level 1 in Polearms
  8293 | D:6      | Killed a hornet
  8294 | D:6      | Reached XP level 10. HP: 33/64 MP: 0/18
  8838 | D:7      | Reached * piety under Vehumet
  8838 | D:7      | Offered knowledge of Freeze by Vehumet.
  9043 | D:7      | Found a burning altar of Makhleb.
 10374 | D:8      | Found a staircase to the Lair.
 10487 | D:8      | Found a hide-covered altar of Uskayaw.
 10498 | D:8      | Reached skill level 9 in Fighting
 10955 | D:5      | Bought a book of Blasting for 320 gold pieces
 10960 | D:5      | Learned a level 4 spell: Petrify
 10966 | D:5      | Learned a level 5 spell: Lee's Rapid Deconstruction
 11073 | D:9      | Noticed Amaemon
 11073 | D:9      | Noticed an orange demon
 11073 | D:9      | Noticed Maggie
 11073 | D:9      | Noticed Erolcha
 11149 | D:9      | You fall into a shaft and drop 3 floors!
 11380 | D:11     | Reached skill level 5 in Polearms
 11466 | D:11     | Noticed a seven-headed hydra
 11520 | D:12     | Noticed Snorg
 11523 | D:12     | Noticed a brown ugly thing
 11524 | D:12     | Noticed a red ugly thing
 11530 | D:11     | Noticed an ogre mage
 11531 | D:11     | Noticed a two-headed ogre
 11539 | D:11     | Noticed an eight-headed hydra
 11542 | D:11     | Noticed a cyclops
 11568 | D:11     | Noticed a gargoyle
 11568 | D:11     | Noticed a kobold demonologist
 11570 | D:11     | Noticed a centaur warrior
 11572 | D:11     | Noticed a two-headed ogre
 11596 | D:11     | HP: 2/66 [troll (10)]
 11602 | D:11     | Slain by a troll

Illustrated notes

Levels and vault maps discovered:
D:1:      dpeg_arrival_tiny_d, layout_basic, serial_shops,
          nicolae_shop_hallway_stairs
D:2:      layout_basic, basic_ecumenical_altar
D:3:      layout_basic, kennysheep_jessica_study
D:4:      layout_loops_ring, kennysheep_little_box, nicolae_ru_awakened_eye,
          general_overflow_altar, xom_teletrap_fun, serial_shops,
          nicolae_shop_trees, kennysheep_generic_room_13
D:5:      layout_basic, nicolae_hepliaklqana_monster_ancestors,
          ashenzari_conservatory_becter, serial_shops, nicolae_take_the_stairs
D:6:      layout_rooms, minmay_temple_entry_wispy, chequers_jeans, uniq_sigmund,
          uniq_pikel
D:7:      layout_basic, makhleb_heckhound_becter, chequers_arboretum,
          grunt_ministairs_1
D:8:      layout_rooms, nicolae_overflow_hidden_temple, lair_entry_dummy
D:9:      layout_basic, uniq_amaemon, uniq_maggie, uniq_erolcha
D:11:     wad_guarded_room, layout_rooms, erik_orc_1, minmay_checkerbox
D:12:     layout_basic, minivault_27, uniq_snorg, uniq_fannar
Temple:   nicolae_temple_colour_theory

Skill      XL: |  1  2  3  4  5  6  7  8  9 10 |
---------------+-------------------------------+-----
Transmutations | 1 |  1.8
Dodging        | 2 3 4 5 |  5.0
Fighting       | 1 2 3 4 6 8 9 |  9.2
Earth Magic    | 4 5 |  5.5
Conjurations   | 1 2 4 5 |  5.0
Spellcasting   | 3 4 5 6 |  6.3
Shields        | 2 5 |  5.0
Polearms       | 2 5 |  5.0
Stealth        | |  2.4

Action                   |  1- 3 |  4- 6 |  7- 9 | 10-12 || total
-------------------------+-------+-------+-------+-------++-------
Melee: Dagger            |    20 |       |       |       ||    20
       Unarmed           |     4 |       |       |       ||     4
       Short sword       |    14 |    43 |     3 |       ||    60
       Trident           |       |       |    46 |    36 ||    82
 Fire: Sling             |     8 |    27 |    41 |    17 ||    93
 Cast: Sandblast         |    34 |    54 |    66 |    47 ||   201
       Stone Arrow       |       |       |    74 |    53 ||   127
       Petrify           |       |       |       |     1 ||     1
Evoke: Wand              |       |       |     1 |       ||     1
  Use: Potion            |       |     1 |     3 |     3 ||     7
       Scroll            |       |       |     5 |     8 ||    13
Armor: Robe              |    16 |       |       |       ||    16
       Leather armour    |     8 |    38 |    41 |    24 ||   111
Dodge: Dodged            |    36 |    42 |    92 |    60 ||   230
Block: Buckler           |       |       |    23 |    20 ||    43
